 Dungeon Crawl Stone Soup version 0.31.0-12-g77e489cdc1 (webtiles) character file.

Game seed: 18216081279684997730

12 ChickenMitten the Conjurer (level 2, -3/1 HPs)
             Began as a Gargoyle Conjurer on Mar 5, 2024.
             Killed from afar by a dart slug (4 damage)
             ... with a slug dart
             ... on level 1 of the Dungeon.
             The game lasted 00:02:25 (403 turns).

ChickenMitten the Conjurer (Gargoyle Conjurer)       Turns: 403, Time: 00:02:25

Health: -3/1       AC:  3    Str: 10    XL:     2   Next: 33%
Magic:  4/5        EV: 11    Int: 18    God:
Gold:   12         SH:  0    Dex:  8    Spells: 4/5 levels left

rFire   . . .        (no weapon)
rCold   . . .        (no shield)
rNeg    + . .        a - melded +0 robe
rPois   ∞            e - +0 helmet
rElec   +            (no cloak)
rCorr   .            (no gloves)
SInv    .            (no boots)
Will    .....        (no amulet)
Stlth   ++           (no ring)
HPRegen 0.20/turn    (no ring)
MPRegen 0.09/turn

%: no passive effects
@: maw-form
A: devouring maw, reduced hp, sickness immunity, AC +2, negative energy
resistance 1, electricity resistance, torment resistance 1, petrification
resistance
a: Begin Untransformation


You were on level 1 of the Dungeon.
You were a creature with a mouth for a stomach.
You visited 1 branch of the dungeon, and saw 1 of its levels.

You collected 12 gold pieces.

Inventory:

Armour
 a - a +0 robe (melded)
 e - a +0 helmet (worn)
Talismans
 c - a maw talisman (active)
Scrolls
 d - a scroll of identify {unknown}
 f - 2 scrolls of revelation {unknown}
 g - a scroll of enchant weapon {unknown}
 h - a scroll of amnesia {unknown}
Potions
 b - a potion of magic


   Skills:
 - Level 1.5 Dodging
 - Level 2.1 Stealth
 * Level 2.0 Spellcasting
 * Level 5.0 Conjurations


You had 4 spell levels left.
You knew the following spells:

 Your Spells              Type           Power      Damage    Failure   Level
a - Magic Dart            Conj           76%        1d6       2%          1

Your spell library contained the following spells:

 Spells                   Type           Power      Damage    Failure   Level
 Searing Ray              Conj           38%        2d5       3%          2
 Fulminant Prism          Conj/Alch      5%         3d7       54%         4
 Iskenderun's Mystic Bla  Conj/Tloc      10%        2d4       54%         4


Dungeon Overview and Level Annotations

Branches:
Dungeon (1/15)

Altars:


Innate Abilities, Weirdness & Mutations

You are a creature with a mouth for a stomach.
Your midsection houses a second, enormous mouth.
Your maximum health is decreased, since you lack skill for your form.
You are immune to sickness and miasma.
Your stone body is resilient. (AC +2)
You are immune to poison.
You resist negative energy. (rN+)
You are resistant to electric shocks. (rElec)
You are resistant to unholy torment.
You are immune to petrification.


Message History

A kobold comes into view. It is wielding a +0 club.
Casting: Magic Dart (safe; 2% risk of failure)
Confirm with . or Enter, or press ? or * to list all spells.
Aiming: Magic Dart (safe; 2% risk of failure)
Press: ? - help, Shift-Dir - straight line, f - kobold
Aim: a kobold, wielding a +0 club and quivering stones (wandering, hasn't noticed you, 100% to hit)
The magic dart hits the kobold.
The kobold is severely wounded.
The kobold shouts!
There is an open door here.
The kobold throws a stone.
The stone closely misses you.
Casting: Magic Dart (safe; 2% risk of failure)
Confirm with . or Enter, or press ? or * to list all spells.
You don't have enough magic to cast this spell.
Unknown command.
Casting: Magic Dart (safe; 2% risk of failure)
Confirm with . or Enter, or press ? or * to list all spells.
Aiming: Magic Dart (safe; 2% risk of failure)
Press: ? - help, Shift-Dir - straight line, f/p - kobold
Aim: a kobold, wielding a +0 club and quivering stones (severely wounded, 100% to hit)
The magic dart hits the kobold.
You kill the kobold!
Your Conjurations skill increases to level 5!
You start resting.
Magic restored.
You open the door.
A dart slug comes into view.
Casting: Magic Dart (safe; 2% risk of failure)
Confirm with . or Enter, or press ? or * to list all spells.
Aiming: Magic Dart (safe; 2% risk of failure)
Press: ? - help, Shift-Dir - straight line, f - dart slug
Aim: a dart slug (asleep, 100% to hit)
The magic dart hits the dart slug.
The dart slug is moderately wounded.
You hit the dart slug. You bite the dart slug.
The dart slug is heavily wounded.
The dart slug launches a dart at you. The slug dart hits you.
Ouch! That really hurt!
You die...

### #. ..# #. #.# #.
##w### #. #.W..# #.
#########....#########. #.
#.......+....'...)†.†..
#.##....####))..#########.
#>.'......†..)..#
#.##....###.....# #.
#[...# #.#'### #. #....#
#.#.# .. ###### #.#.#


You could see a dart slug.

Vanquished Creatures
  A ball python (D:1)
  An endoplasm (D:1)
  4 goblins (D:1)
  A hobgoblin (D:1)
  A quokka (D:1)
  A frilled lizard (D:1)
  A kobold (D:1)
  A rat (D:1)
11 creatures vanquished.

Notes
Turn   | Place    | Note
-------+----------+-------------------------------------------
     0 | D:1      | ChickenMitten the Gargoyle Conjurer began the quest for the
                  | Orb.
     0 | D:1      | Reached XP level 1. HP: 10/10 MP: 3/3
   240 | D:1      | Reached XP level 2. HP: 1/15 MP: 1/5
   345 | D:1      | Reached skill level 5 in Conjurations
   403 | D:1      | Killed from afar by a dart slug

Illustrated notes

Levels and vault maps discovered:
D:1:      amcnicky_arrival_feature_with_door, layout_basic,
          minmay_shallow_snake_nest

Skill      XL: |  1  2 |
---------------+-------+-----
Conjurations   | 5 |  5.0
Dodging        | |  1.5
Stealth        | |  2.1
Spellcasting   | |  2.0

Action                     || total
---------------------------++-------
  Melee: Unarmed           ||     1
         Maw               ||     1
   Cast: Magic Dart        ||    19
 Armour: Skin              ||     1
  Dodge: Dodged            ||     1
   Form: Maw               ||     1
